 Dungeon Crawl Stone Soup version 0.29-a0-322-g68df515428 (webtiles) character file.

Game seed: 14001738858357524879

1115 101zpm the Cudgeller (level 8, -4/49 HPs)
             Began as a Gargoyle Fighter on Apr 8, 2022.
             Killed from afar by a steam dragon (28 damage)
             ... with a ball of steam
             ... on level 5 of the Dungeon.
             The game lasted 00:11:55 (5249 turns).

101zpm the Cudgeller (Gargoyle Fighter)             Turns: 5249, Time: 00:11:57

Health: -4/49      AC: 15    Str: 22    XL:     8   Next: 34%
Magic:  8/8        EV: 14    Int:  9    God:
Gold:   207        SH:  4    Dex:  9    Spells: 6/7 levels left

rFire   x . .      SeeInvis .   C - +2 whip (freeze)
rCold   + . .      Faith    .   c - +0 buckler
rNeg    + . .      Spirit   .   b - +0 scale mail
rPois   ∞          Reflect  .   r - +0 helmet
rElec   +          Harm     .   s - scarf {shadows}
rCorr   .          Rampage  .   E - +0 pair of gloves
Will    .....                   (no boots)
Stlth   ..........              (no amulet)
HPRegen 0.16/turn               n - +4 ring of evasion
MPRegen 0.11/turn               F - ring of ice

@: no status effects
A: sickness immunity, AC +5, negative energy resistance 1, electricity
resistance, torment resistance 1, petrification resistance
a: no special abilities


You were on level 5 of the Dungeon.
You visited 1 branch of the dungeon, and saw 5 of its levels.

You collected 207 gold pieces.

Inventory:

Hand Weapons
 l - a +2 antimagic whip
 C - a +2 whip of freezing (weapon)
Missiles
 m - 240 stones (quivered)
 q - 2 datura-tipped darts
 x - a throwing net
 A - 2 poisoned darts
Armour
 a - a +1 leather armour of poison resistance
 b - a +0 scale mail (worn)
 c - a +0 buckler (worn)
 r - a +0 helmet (worn)
 s - a scarf of shadows (worn)
 D - a +1 robe of willpower
 E - a +0 pair of gloves (worn)
Jewellery
 n - a +4 ring of evasion (left hand)
 F - a ring of ice (right hand)
Scrolls
 e - a scroll of summoning {unknown}
 h - 5 scrolls of noise
 i - 2 scrolls of teleportation
 j - 2 scrolls of fog
 o - a scroll of fear {unknown}
 p - 2 scrolls of identify {unknown}
 t - a scroll of enchant armour {unknown}
 v - 2 scrolls of vulnerability
 y - a scroll of magic mapping {unknown}
 H - a scroll of blinking {unknown}
 I - a scroll of immolation {unknown}
Potions
 d - 2 potions of might
 f - 2 potions of cancellation {unknown}
 g - a potion of berserk rage {unknown}
 k - 2 potions of flight {unknown}
 u - a potion of haste {unknown}
 w - 2 potions of brilliance {unknown}
 z - a potion of resistance {unknown}
 B - a potion of degeneration {unknown}
 G - a potion of heal wounds {unknown}
 J - a potion of lignification {unknown}


   Skills:
 + Level 5.0 Fighting
 + Level 6.7 Maces & Flails
 + Level 0.1 Throwing
 + Level 5.1 Armour
 + Level 2.3 Dodging
 + Level 0.7 Stealth
 + Level 4.8 Shields
 + Level 0.1 Spellcasting
 + Level 0.4 Summonings


You had 6 spell levels left.
You knew the following spells:

 Your Spells              Type           Power      Damage    Failure   Level
a - Summon Small Mammal   Summ           0%         N/A       73%         1

Your spell library contained the following spells:

 Spells                   Type           Power      Damage    Failure   Level
 Foxfire                  Conj/Fire      0%         2x1d4     78%         1
 Call Canine Familiar     Summ           0%         N/A       97%         3
 Conjure Flame            Conj/Fire      0%         6-21      98%         3
 Ignite Poison            Fire/Tmut/Pois 0%         N/A       98%         3
 Inner Flame              Hex/Fire       0%         N/A       98%         3
 Summon Guardian Golem    Hex/Summ       0%         N/A       98%         3
 Flame Wave               Conj/Fire      0%         2d4       100%        4
 Sticky Flame             Conj/Fire      0%         2d3       100%        4


Dungeon Overview and Level Annotations

Branches:
Dungeon (5/15)             Temple (0/1) D:4

Altars:

Shops:
D:3 [


Innate Abilities, Weirdness & Mutations

You are immune to sickness and miasma.
Your stone body is resilient. (AC +5)
You are immune to poison.
You resist negative energy. (rN+)
You are resistant to electric shocks. (rElec)
You are resistant to unholy torment.
You are immune to petrification.


Message History

You barely miss the steam dragon.
The steam dragon is heavily wounded.
You are engulfed in a cloud of scalding steam.
The scorpion stings you but does no damage.
You hit the steam dragon but do no damage.
The steam dragon is heavily wounded.
The steam dragon bites you. The steam dragon closely misses you.
You are too injured to fight recklessly!
You are too injured to fight recklessly!
You are too injured to fight recklessly!
You are too injured to fight recklessly!
You are too injured to fight recklessly!
You are too injured to fight recklessly!
You are too injured to fight recklessly!
You are too injured to fight recklessly!
You are too injured to fight recklessly!
You are too injured to fight recklessly!
You are too injured to fight recklessly!
You are too injured to fight recklessly!
You are too injured to fight recklessly!
You are too injured to fight recklessly!
You are too injured to fight recklessly!
You are too injured to fight recklessly!
You are too injured to fight recklessly!
You are too injured to fight recklessly!
You are too injured to fight recklessly!
You are too injured to fight recklessly!
You are too injured to fight recklessly!
You are too injured to fight recklessly!
You barely miss the steam dragon.
The steam dragon is heavily wounded.
The scorpion stings you but does no damage.
You block the steam dragon's attack. x2
You whack the steam dragon! You freeze the steam dragon.
The steam dragon is severely wounded.
The scorpion misses you. The steam dragon breathes steam at you.
The ball of steam hits you!! The steam scalds you terribly!
Ouch! That really hurt!
You die...

.##############
#...#.#.#...#@#
#...##.#..#.D#s#
#>..#.#..###..#.#
#...##..## ##..##
####...#..## #..#
.........## ..#
..)..†.#..# ..#
.......##..# ##
.......# #..#


You could see a steam dragon (catching breath) and a scorpion.

Vanquished Creatures
  Pikel (D:5)
  An ice beast (D:3)
  An ogre (D:4)
  2 scorpions (D:5)
  2 hounds (D:5)
  2 iguanas
  Robin (D:1)
  4 adders
  8 gnolls
  A shadow imp (D:4)
  A white imp (D:5)
  3 worms
  4 dart slugs
  3 orcs
  10 endoplasms
  5 giant cockroaches
  16 goblins
  11 hobgoblins
  A quokka (D:1)
  9 ball pythons
  9 bats
  3 frilled lizards
  12 kobolds
  5 rats
115 creatures vanquished.

Notes
Turn   | Place    | Note
-------+----------+-------------------------------------------
     0 | D:1      | 101zpm the Gargoyle Fighter began the quest for the Orb.
     0 | D:1      | Reached XP level 1. HP: 14/14 MP: 1/1
   394 | D:1      | Reached XP level 2. HP: 19/19 MP: 2/2
  1088 | D:1      | You fall into a shaft and drop 1 floor!
  1088 | D:2      | Found a faded altar of an unknown god.
  1378 | D:2      | Reached XP level 3. HP: 19/23 MP: 3/3
  1730 | D:2      | Noticed Robin
  2071 | D:2      | Reached XP level 4. HP: 23/29 MP: 4/4
  2083 | D:1      | Killed Robin
  2249 | D:2      | Reached skill level 3 in Maces & Flails
  2486 | D:2      | Reached skill level 1 in Dodging
  2819 | D:3      | Reached XP level 5. HP: 33/33 MP: 5/5
  2977 | D:3      | Found Jahuhurr's Antique Armour Boutique.
  3096 | D:3      | Reached skill level 4 in Maces & Flails
  3514 | D:4      | Noticed a lemure
  3571 | D:4      | Noticed an ice beast
  3589 | D:3      | Killed an ice beast
  3590 | D:3      | Reached XP level 6. HP: 29/38 MP: 6/6
  3722 | D:4      | Found a staircase to the Ecumenical Temple.
  3794 | D:4      | Noticed Pikel
  3796 | D:5      | Entered Level 5 of the Dungeon
  3812 | D:5      | Reached skill level 5 in Maces & Flails
  4052 | D:5      | Killed Pikel
  4053 | D:5      | Reached skill level 6 in Maces & Flails
  4053 | D:5      | Reached XP level 7. HP: 23/44 MP: 7/7
  4053 | D:5      | Reached XP level 8. HP: 25/48 MP: 8/8
  4365 | D:4      | Reached skill level 5 in Armour
  4779 | D:4      | Learned a level 1 spell: Summon Small Mammal
  4978 | D:5      | Reached skill level 5 in Fighting
  5249 | D:5      | Killed from afar by a steam dragon

Illustrated notes

Levels and vault maps discovered:
D:1:      roderic_crop_circles_arrival_small, layout_loops_ring
D:2:      minmay_alternating_diamond, layout_rooms,
          shapermc_ecumenical_altar_venn, chequers_hall_statues_y,
          minmay_pentomino_pile, uniq_robin
D:3:      layout_loops_ring, serial_shops, nicolae_shop_overgrown_old_shop
D:4:      layout_loops_cross, minmay_temple_entry_tees,
          nicolae_ossuary_entry_plus, uniq_pikel
D:5:      minmay_diamond_boxcup, layout_rooms, uniq_edmund, uniq_duvessa

Skill      XL: |  1  2  3  4  5  6  7  8 |
---------------+-------------------------+-----
Maces & Flails | 3 4 6 |  6.7
Dodging        | 1 2 |  2.3
Armour         | 4 5 |  5.1
Fighting       | 4 5 |  5.0
Shields        | 4 |  4.8
Throwing       | |  0.1
Stealth        | |  0.7
Spellcasting   | |  0.1
Summonings     | |  0.4

Action                   |  1- 3 |  4- 6 |  7- 9 || total
-------------------------+-------+-------+-------++-------
Melee: Flail             |   105 |   217 |       ||   322
       Whip              |       |       |    96 ||    96
Throw: Stone             |     4 |     3 |     3 ||    10
 Cast: Summon Small Mamm |       |       |     6 ||     6
  Use: Scroll            |       |     1 |     3 ||     4
Armor: Scale mail        |    89 |   108 |    29 ||   226
Dodge: Dodged            |   109 |   162 |    54 ||   325
Block: Buckler           |    36 |    53 |    25 ||   114

Table legend: (Time is in decaauts)
 A = Elapsed time spent in this place.
 B = Non-inter-level travel time spent in this place.
 C = Inter-level travel time spent in this place.
 D = Time resting spent in this place.
 E = Time spent auto-exploring this place.
 F = Levels seen in this place.
 G = Mean time per level.
                   A        B        C        D        E       F      G
               +--------+--------+--------+--------+--------+-----+--------+
         Total |   5325 |   4962 |    363 |    953 |   3019 |   5 | 1065.0 |
       Dungeon |   5325 |   4962 |    363 |    953 |   3019 |   5 | 1065.0 |
               +--------+--------+--------+--------+--------+-----+--------+

Top non-repeatable levels by time:
     D:1: 1479 daAuts
     D:2: 1299 daAuts
     D:3: 991 daAuts
     D:4: 830 daAuts
     D:5: 723 daAuts
